Aeros vs Bears

Created - Friday, November 21, 2014 at 21:21

Goals
1 2 3 T
Aeros 0 0 0 0
Bears 0 1 0 1
Shots
1 2 3 T
Aeros 2 8 7 17
Bears 5 19 9 33

1st period

No Goal

Penalties :
David Dziurzynski (Her) for Fighting (Major) at 2:49, Ilari Melart (HOU) for Fighting (Major) at 2:49, Shawn O'Donnell (Her) for Fighting (Major) at 4:09, Cam Janssen (HOU) for Fighting (Major) at 4:09, Shawn O'Donnell (Her) for instigated a fight (Minor) at 4:09, Shawn O'Donnell (Her) for instigated a fight (10 Minutes Misconduct) at 4:09

2nd period

1. Bears , RJ Umberger 8 (Chris Bruton) at 2:23

Penalties :
Bretton Stamler (HOU) for Interference (Minor) at 4:19, Chris Bruton (Her) for Hooking (Minor) at 18:13

3rd period

No Goal

Penalties :
Cam Janssen (HOU) for Boarding (Minor) at 5:13, Danny Hobbs (HOU) for Hooking (Minor) at 8:45, Patrice Cormier (Her) for Fighting (Major) at 11:19, Ilari Melart (HOU) for Fighting (Major) at 11:19, David Dziurzynski (Her) for Fighting (Major) at 12:59, Matthew Pistilli (HOU) for Fighting (Major) at 12:59

Goalie Stats

Harri Sateri (HOU), 32 saves from 33 shots - (0.970), L, 0-1-0, 59:00 minutes
John Gibson (Her), 17 saves from 17 shots - (1.000), W, 8-2-7, 60:00 minutes

Players Stats for Aeros

Player Name              G  A  P  +/- PIM S  H  SB GA TA FO     MP     PP MP  PK MP  
------------------------------------------------------------------------------------
Alex Friesen             0  0  0   0  0   1  1  0  1  0  0/2    14:09   0:00   0:00 
Andrew Gordon            0  0  0  -1  0   0  0  2  6  2  2/8    22:16   2:04   4:47 
Bretton Stamler          0  0  0   0  2   0  1  1  0  1  0/0    14:42   0:00   0:00 
Cam Janssen              0  0  0   0  7   1  3  0  2  0  0/0    16:05   0:44   1:05 
Colin Stuart             0  0  0   0  0   1  3  0  2  1  1/1    16:32   0:00   0:25 
Craig Cunningham         0  0  0   0  0   6  1  0  2  0  0/0    17:30   1:38   0:25 
Danny Hobbs              0  0  0   0  2   0  1  0  1  2  1/5    18:28   1:38   0:45 
Ilari Melart             0  0  0  -1  10  0  0  0  0  0  0/0    12:37   0:00   0:00 
Jason Zucker             0  0  0   0  0   2  3  1  4  2  0/1    19:45   2:20   4:27 
Joel Chouinard           0  0  0  -1  0   3  1  1  1  1  0/0    18:27   2:03   1:53 
Jon Landry               0  0  0   0  0   0  3  3  1  1  0/0    17:43   1:55   4:04 
Matthew Pistilli         0  0  0   0  5   1  0  0  1  1  0/0    14:08   1:10   0:00 
Mike Matczak             0  0  0   0  0   0  2  0  0  0  0/0    10:17   0:00   0:00 
Mike Ullrich             0  0  0  -1  0   0  1  1  1  1  1/2     7:37   0:00   0:00 
Patrick Wey              0  0  0   0  0   1  1  0  0  2  0/0    21:35   2:03   1:53 
Scott Campbell           0  0  0  -1  0   1  2  0  1  0  1/1    11:26   0:00   0:00 
Shane O'Brien            0  0  0   0  0   0  1  0  2  1  0/0    25:30   1:55   4:04 
Warren Peters            0  0  0   0  0   0  0  1  0  2  3/10   15:04   2:20   0:00 

Players Stats for Bears

Player Name              G  A  P  +/- PIM S  H  SB GA TA FO     MP     PP MP  PK MP  
------------------------------------------------------------------------------------
Ben Youds                0  0  0   1  0   0  0  0  1  1  0/0    15:21   0:00   0:00 
Brad Mills               0  0  0   0  0   1  0  0  2  0  0/0    16:22   2:55   0:12 
Brett Clark              0  0  0   0  0   1  2  2  0  0  0/0    23:55   2:52   2:46 
Chris Bruton             0  1  1   1  2   1  1  0  1  0  2/3     9:25   0:00   0:00 
David Dziurzynski        0  0  0   0  10  2  2  0  4  0  0/0    13:41   0:27   0:00 
Eric Neilson             0  0  0   0  0   2  1  0  0  1  0/0    15:02   0:00   0:00 
Erick Lizon              0  0  0   0  0   0  5  0  0  0  0/0    16:56   3:02   0:00 
Farm Player15            0  0  0   0  0   0  0  0  0  0  0/0     5:48   0:00   0:12 
Kevin Henderson          0  0  0   0  0   5  1  0  2  1  0/0    18:20   3:02   0:43 
Mark Cundari             0  0  0   1  0   1  0  0  0  1  0/0    15:21   0:00   0:00 
Mark Flood               0  0  0   0  0   2  2  1  1  0  0/0    20:43   3:05   1:12 
Matt Taormina            0  0  0   0  0   3  0  0  3  1  0/0    20:43   3:05   1:12 
Maxime Macenauer         0  0  0   0  0   4  1  0  5  1  7/10   17:58   3:02   0:43 
Patrice Cormier          0  0  0   0  5   0  2  0  1  0  6/9    17:42   2:55   3:03 
RJ Umberger              1  0  1   1  0   6  2  0  3  1  4/5    21:46   2:28   2:08 
Shawn O'Donnell          0  0  0   1  17  0  0  0  1  1  0/0     7:24   0:00   0:55 
Stefan Elliott           0  0  0   0  0   4  1  1  1  1  0/0    23:55   2:52   2:46 
Tyler Brown              0  0  0   0  0   1  1  1  1  1  2/3    15:30   0:00   0:00 

3 Stars

1 - John Gibson (Her)
2 - Harri Sateri (HOU)
3 - RJ Umberger (Her)

Power Play

Aeros - 0 on 2 Attempt(s) - 0.00%
Bears - 0 on 3 Attempt(s) - 0.00%

Penalty Kill

Aeros - 3 on 3 Attempt(s) - 100.00% - Score 0 goal in Penalty Kill
Bears - 2 on 2 Attempt(s) - 100.00% - Score 0 goal in Penalty Kill

Official

Referees : Unknown
Linesman : Unknown

Game Notes

David Dziurzynski beats up Ilari Melart at 2:49 of 1st period
Shawn O'Donnell and Cam Janssen fight to a draw at 4:09 of 1st period
Jon Landry is injured at 11:12 of 3rd period (Sprained Left Finger)
Patrice Cormier beats up Ilari Melart at 11:19 of 3rd period
David Dziurzynski and Matthew Pistilli fight to a draw at 12:59 of 3rd period

Finance

Level 1 -- Attendance: 1356 (67.80%) -- Ticket Income $47,460
Level 2 -- Attendance: 812 (81.20%) -- Ticket Income $12,180
Total Attendance: 2168 (72.27%)
Total Ticket Income: $59,640
Other Income: $29,224
Total Income: $88,864

Aeros

5 vs 5 Forward 
   Center                   Left Wing                Right Wing               Time % Phy DF OF 
 1 Warren Peters            Jason Zucker             Andrew Gordon            35     1   2  2  
 2 Alex Friesen             Craig Cunningham         Cam Janssen              30     1   2  2  
 3 Danny Hobbs              Colin Stuart             Matthew Pistilli         22     1   2  2  
 4 Mike Ullrich             Scott Campbell           Andrew Gordon            13     1   2  2  

5 vs 5 Defense 
   Defense                  Defense                                           Time % Phy DF OF 
 1 Shane O'Brien            Jon Landry                                        35     1   2  2  
 2 Bretton Stamler          Patrick Wey                                       30     1   2  2  
 3 Ilari Melart             Joel Chouinard                                    22     1   2  2  
 4 Shane O'Brien            Mike Matczak                                      13     1   2  2  

PowerPlay Forward 
   Center                   Left Wing                Right Wing               Time % Phy DF OF 
 1 Warren Peters            Jason Zucker             Andrew Gordon            60     1   2  2  
 2 Danny Hobbs              Craig Cunningham         Cam Janssen              40     1   2  2  

PowerPlay Defense
   Defense                  Defense                                           Time % Phy DF OF 
 1 Shane O'Brien            Jon Landry                                        60     1   2  2  
 2 Joel Chouinard           Patrick Wey                                       40     1   2  2  

Penalty Kill 4 Players Forward 
   Center                   Wing                     Time % Phy DF OF 
 1 Andrew Gordon            Jason Zucker             60     1   2  2  
 2 Craig Cunningham         Colin Stuart             40     1   2  2  

Penalty Kill 4 Players Defense
   Defense                  Defense                  Time % Phy DF OF 
 1 Shane O'Brien            Jon Landry               60     1   2  2  
 2 Joel Chouinard           Patrick Wey              40     1   2  2  

Penalty Kill - 3 Players Forward 
   Forward                                           Time % Phy DF OF 
 1 Andrew Gordon                                     60     1   2  2  
 2 Jason Zucker                                      40     1   2  2  

Penalty Kill - 3 Players Defense
   Defense                  Defense                  Time % Phy DF OF 
 1 Shane O'Brien            Jon Landry               60     1   2  2  
 2 Joel Chouinard           Patrick Wey              40     1   2  2  

4 vs 4 Forward 
   Center                   Wing                     Time % Phy DF OF 
 1 Andrew Gordon            Jason Zucker             60     1   2  2  
 2 Craig Cunningham         Colin Stuart             40     1   2  2  

4 vs 4 Defense
   Defense                  Defense                  Time % Phy DF OF 
 1 Shane O'Brien            Jon Landry               60     1   2  2  
 2 Joel Chouinard           Patrick Wey              40     1   2  2  

Last Minutes Offensive
   Center                   Left Wing                Right Wing               Defense                  Defense                  
   Warren Peters            Jason Zucker             Andrew Gordon            Shane O'Brien            Jon Landry               

Last Minutes Defensive
   Center                   Left Wing                Right Wing               Defense                  Defense                  
   Warren Peters            Jason Zucker             Andrew Gordon            Shane O'Brien            Jon Landry               

Goaltenders
Starting : Harri Sateri             
Backup : David Leggio             

Extra Forwards
Normal : Matthew Pistilli, Scott Campbell, Jason Zucker - PP : Matthew Pistilli, Scott Campbell - PK : Cam Janssen
Extra Defensemen
Normal : Ilari Melart, Jon Landry, Mike Matczak - PP : Ilari Melart - PK : Ilari Melart, Mike Matczak
Penalty Shots
Andrew Gordon, Jason Zucker, Craig Cunningham, Colin Stuart, Warren Peters

Bears

5 vs 5 Forward 
   Center                   Left Wing                Right Wing               Time % Phy DF OF 
 1 Patrice Cormier          RJ Umberger              Brad Mills               35     1   2  2  
 2 Maxime Macenauer         Kevin Henderson          Erick Lizon              30     1   2  2  
 3 Tyler Brown              David Dziurzynski        Eric Neilson             22     1   2  2  
 4 Chris Bruton             Shawn O'Donnell          RJ Umberger              13     1   2  2  

5 vs 5 Defense 
   Defense                  Defense                                           Time % Phy DF OF 
 1 Brett Clark              Stefan Elliott                                    35     1   2  2  
 2 Mark Flood               Matt Taormina                                     30     1   2  2  
 3 Mark Cundari             Ben Youds                                         22     1   2  2  
 4 Stefan Elliott           Brett Clark                                       13     1   2  2  

PowerPlay Forward 
   Center                   Left Wing                Right Wing               Time % Phy DF OF 
 1 Patrice Cormier          RJ Umberger              Brad Mills               60     1   2  2  
 2 Maxime Macenauer         Kevin Henderson          Erick Lizon              40     1   2  2  

PowerPlay Defense
   Defense                  Defense                                           Time % Phy DF OF 
 1 Brett Clark              Stefan Elliott                                    60     1   2  2  
 2 Mark Flood               Matt Taormina                                     40     1   2  2  

Penalty Kill 4 Players Forward 
   Center                   Wing                     Time % Phy DF OF 
 1 RJ Umberger              Patrice Cormier          60     1   2  2  
 2 Maxime Macenauer         Kevin Henderson          40     1   2  2  

Penalty Kill 4 Players Defense
   Defense                  Defense                  Time % Phy DF OF 
 1 Brett Clark              Stefan Elliott           60     1   2  2  
 2 Mark Flood               Matt Taormina            40     1   2  2  

Penalty Kill - 3 Players Forward 
   Forward                                           Time % Phy DF OF 
 1 RJ Umberger                                       60     1   2  2  
 2 Patrice Cormier                                   40     1   2  2  

Penalty Kill - 3 Players Defense
   Defense                  Defense                  Time % Phy DF OF 
 1 Brett Clark              Stefan Elliott           60     1   2  2  
 2 Mark Flood               Matt Taormina            40     1   2  2  

4 vs 4 Forward 
   Center                   Wing                     Time % Phy DF OF 
 1 RJ Umberger              Patrice Cormier          60     1   2  2  
 2 Maxime Macenauer         Kevin Henderson          40     1   2  2  

4 vs 4 Defense
   Defense                  Defense                  Time % Phy DF OF 
 1 Brett Clark              Stefan Elliott           60     1   2  2  
 2 Mark Flood               Matt Taormina            40     1   2  2  

Last Minutes Offensive
   Center                   Left Wing                Right Wing               Defense                  Defense                  
   Patrice Cormier          RJ Umberger              Brad Mills               Brett Clark              Stefan Elliott           

Last Minutes Defensive
   Center                   Left Wing                Right Wing               Defense                  Defense                  
   Patrice Cormier          RJ Umberger              Brad Mills               Brett Clark              Stefan Elliott           

Goaltenders
Starting : John Gibson              
Backup : Cristopher Nilstorp      

Extra Forwards
Normal : David Dziurzynski, Tyler Brown, Shawn O'Donnell - PP : David Dziurzynski, Tyler Brown - PK : Shawn O'Donnell
Extra Defensemen
Normal : Mark Cundari, Ben Youds, Stefan Elliott - PP : Mark Cundari - PK : Ben Youds, Brett Clark
Penalty Shots
RJ Umberger, Patrice Cormier, Maxime Macenauer, Kevin Henderson, David Dziurzynski

% Time on Ice - Aeros

Lines # - Real PCT - Wanted PCT - Time Play
Normal Forward
1 - 25% - 35% - 12:17
2 - 30% - 30% - 14:56
3 - 30% - 22% - 14:58
4 - 15% - 13% - 7:14
Normal Defense
1 - 34% - 35% - 17:00
2 - 29% - 30% - 14:30
3 - 27% - 22% - 13:30
4 - 9% - 13% - 4:25
PP Forward
1 - 59% - 60% - 2:20
2 - 41% - 40% - 1:38
PP Defense
1 - 48% - 60% - 1:55
2 - 52% - 40% - 2:03
PK Forward
1 - 93% - 60% - 5:32
2 - 7% - 40% - 0:25
PK Defense
1 - 68% - 60% - 4:04
2 - 32% - 40% - 1:53
PK3 Forward
1 - 0% - 60%
2 - 0% - 40%
PK3 Defense
1 - 0% - 60%
2 - 0% - 40%
44 Forward
1 - 0% - 60%
2 - 0% - 40%
44 Defense
1 - 0% - 60%
2 - 0% - 40%
Last Minute Offensive  - 0:40
Last Minute Defensive  - 0:00
Total
Forward - 60:00
Defense - 60:00

% Time on Ice - Bears

Lines # - Real PCT - Wanted PCT - Time Play
Normal Forward
1 - 25% - 35% - 12:35
2 - 29% - 30% - 14:13
3 - 28% - 22% - 13:57
4 - 18% - 13% - 8:46
Normal Defense
1 - 30% - 35% - 14:55
2 - 33% - 30% - 16:26
3 - 31% - 22% - 15:22
4 - 6% - 13% - 2:48
PP Forward
1 - 49% - 60% - 2:55
2 - 51% - 40% - 3:02
PP Defense
1 - 48% - 60% - 2:52
2 - 52% - 40% - 3:05
PK Forward
1 - 82% - 60% - 3:15
2 - 18% - 40% - 0:43
PK Defense
1 - 70% - 60% - 2:46
2 - 30% - 40% - 1:12
PK3 Forward
1 - 0% - 60%
2 - 0% - 40%
PK3 Defense
1 - 0% - 60%
2 - 0% - 40%
44 Forward
1 - 0% - 60%
2 - 0% - 40%
44 Defense
1 - 0% - 60%
2 - 0% - 40%
Last Minute Offensive  - 0:00
Last Minute Defensive  - 0:34
Total
Forward - 60:00
Defense - 60:00

Play by Play

1st period


0:01 of 1st period - Patrice Cormier wins face-off versus Warren Peters in neutral zone.
0:14 of 1st period - Andrew Gordon is hit by RJ Umberger and loses puck.
0:51 of 1st period - Brad Mills is hit by Cam Janssen and loses puck.
1:35 of 1st period - Slapshot by Colin Stuart.
1:35 of 1st period - Deflect By Danny Hobbs.
1:35 of 1st period - Shot Misses the Net.
1:35 of 1st period - Puck is out of play.
1:36 of 1st period - Danny Hobbs wins face-off versus Maxime Macenauer in Bears zone.
2:02 of 1st period - Wrist shot by Colin Stuart.
2:02 of 1st period - Shot Blocked by Mark Flood.
2:08 of 1st period - Slapshot by Mark Flood.
2:08 of 1st period - Shot Blocked by Joel Chouinard.
2:10 of 1st period - Wrist shot by Kevin Henderson.
2:10 of 1st period - Stopped by Harri Sateri with a rebound.
2:12 of 1st period - Slapshot by Matt Taormina.
2:12 of 1st period - Shot Misses the Net.
2:49 of 1st period - David Dziurzynski beats up Ilari Melart.
2:49 of 1st period - Penalty to David Dziurzynski for Fighting.
2:49 of 1st period - Penalty to Ilari Melart for Fighting.
2:50 of 1st period - Maxime Macenauer wins face-off versus Mike Ullrich in neutral zone.
2:57 of 1st period - Slapshot by Mark Cundari.
2:57 of 1st period - Stopped by Harri Sateri with a rebound.
3:05 of 1st period - Slapshot by Shane O'Brien.
3:05 of 1st period - Shot Misses the Net.
4:09 of 1st period - Shawn O'Donnell and Cam Janssen fight to a draw.
4:09 of 1st period - Penalty to Shawn O'Donnell for Fighting.
4:09 of 1st period - Penalty to Cam Janssen for Fighting.
4:09 of 1st period - Penalty to Shawn O'Donnell for instigated a fight.
4:09 of 1st period - Penalty to Shawn O'Donnell for instigated a fight.
4:10 of 1st period - RJ Umberger wins face-off versus Jason Zucker in Aeros zone.
4:47 of 1st period - Snap shot by Jason Zucker.
4:47 of 1st period - Stopped by John Gibson with a rebound.
5:03 of 1st period - Kevin Henderson is hit by Craig Cunningham and loses puck.
5:42 of 1st period - Maxime Macenauer is hit by Shane O'Brien and loses puck.
6:06 of 1st period - Snap shot by Maxime Macenauer.
6:06 of 1st period - Shot Blocked by Jon Landry.
6:09 of 1st period - Penalty to Shawn O'Donnell is over, Farm Player15 is send on ice.
6:34 of 1st period - Wrist shot by Scott Campbell.
6:34 of 1st period - Shot Misses the Net.
7:27 of 1st period - Snap shot by Jason Zucker.
7:27 of 1st period - Shot Blocked by Tyler Brown.
8:44 of 1st period - Slapshot by Andrew Gordon.
8:44 of 1st period - Shot Misses the Net.
8:46 of 1st period - Snap shot by Scott Campbell.
8:46 of 1st period - Stopped by John Gibson with a rebound.
8:48 of 1st period - Slapshot by Bretton Stamler.
8:48 of 1st period - Shot Misses the Net.
9:14 of 1st period - Wrist shot by Maxime Macenauer.
9:14 of 1st period - Deflect By Kevin Henderson.
9:14 of 1st period - Stopped by Harri Sateri with a rebound.
9:20 of 1st period - Mark Cundari is hit by Jason Zucker and loses puck.
10:16 of 1st period - Ilari Melart is hit by Brett Clark and loses puck.
10:57 of 1st period - Snap shot by Maxime Macenauer.
10:57 of 1st period - Shot Misses the Net.
10:59 of 1st period - Wrist shot by Kevin Henderson.
10:59 of 1st period - Stopped by Harri Sateri with a rebound.
11:01 of 1st period - Wrist shot by Maxime Macenauer.
11:01 of 1st period - Stopped by Harri Sateri with a rebound.
12:08 of 1st period - Ben Youds is hit by Cam Janssen and loses puck.
13:44 of 1st period - Slapshot by David Dziurzynski.
13:44 of 1st period - Deflect By Eric Neilson.
13:44 of 1st period - Shot Hit the Post.
13:44 of 1st period - Puck is out of play.
13:45 of 1st period - Colin Stuart wins face-off versus Tyler Brown in Aeros zone.
15:33 of 1st period - Kevin Henderson is hit by Jason Zucker and loses puck.
16:07 of 1st period - Alex Friesen is hit by Erick Lizon and loses puck.
16:27 of 1st period - Snap shot by Brad Mills.
16:27 of 1st period - Shot Misses the Net.
16:41 of 1st period - Scott Campbell is hit by Tyler Brown.
16:56 of 1st period - Shane O'Brien is hit by David Dziurzynski and loses puck.
17:23 of 1st period - Stefan Elliott is hit by Colin Stuart.
17:55 of 1st period - Colin Stuart is hit by Eric Neilson and loses puck.
18:42 of 1st period - Wrist shot by RJ Umberger.
18:42 of 1st period - Shot Blocked by Mike Ullrich.
19:09 of 1st period - 10 Minutes Misconduct Penalty to Shawn O'Donnell is over.
19:12 of 1st period - Backhand shot by Andrew Gordon.
19:12 of 1st period - Shot Misses the Net.
19:37 of 1st period - Icing by Bretton Stamler.
19:38 of 1st period - Warren Peters wins face-off versus Chris Bruton in Aeros zone.
Goals for this period are 0 for Aeros vs 0 for Bears.
Shots for this period are 2 for Aeros vs 5 for Bears.

2nd period


0:01 of 2nd period - Warren Peters wins face-off versus Patrice Cormier in neutral zone.
0:10 of 2nd period - Patrice Cormier is hit by Jon Landry and loses puck.
0:27 of 2nd period - Snap shot by Patrice Cormier.
0:27 of 2nd period - Deflect By RJ Umberger.
0:27 of 2nd period - Stopped by Harri Sateri with a rebound.
1:00 of 2nd period - Cam Janssen is hit by Maxime Macenauer.
1:04 of 2nd period - Jon Landry is hit by Kevin Henderson and loses puck.
1:20 of 2nd period - Patrick Wey is hit by Erick Lizon and loses puck.
2:23 of 2nd period - Wrist shot by RJ Umberger.
2:23 of 2nd period - Goal by RJ Umberger - Aeros : 0 - Bears : 1.
2:24 of 2nd period - Patrice Cormier wins face-off versus Warren Peters in neutral zone.
3:38 of 2nd period - Wrist shot by Kevin Henderson.
3:38 of 2nd period - Deflect By Craig Cunningham.
3:38 of 2nd period - Shot Misses the Net.
3:38 of 2nd period - Puck is out of play.
3:39 of 2nd period - Tyler Brown wins face-off versus Danny Hobbs in Aeros zone.
3:40 of 2nd period - Snap shot by David Dziurzynski.
3:40 of 2nd period - Stopped by Harri Sateri with a rebound.
3:42 of 2nd period - Wrist shot by Tyler Brown.
3:42 of 2nd period - Shot Misses the Net.
3:46 of 2nd period - Snap shot by Tyler Brown.
3:46 of 2nd period - Deflect By David Dziurzynski.
3:46 of 2nd period - Stopped by Harri Sateri with a rebound.
3:48 of 2nd period - Slapshot by Eric Neilson.
3:48 of 2nd period - Stopped by Harri Sateri with a rebound.
3:50 of 2nd period - Wrist shot by Tyler Brown.
3:50 of 2nd period - Stopped by Harri Sateri with a rebound.
3:52 of 2nd period - Slapshot by Stefan Elliott.
3:52 of 2nd period - Stopped by Harri Sateri with a rebound.
3:54 of 2nd period - Snap shot by Stefan Elliott.
3:54 of 2nd period - Shot Blocked by Bretton Stamler.
3:56 of 2nd period - Slapshot by Stefan Elliott.
3:56 of 2nd period - Shot Misses the Net.
4:19 of 2nd period - Minor Penalty to Bretton Stamler for Interference.
4:20 of 2nd period - Andrew Gordon wins face-off versus Patrice Cormier in Aeros zone.
4:28 of 2nd period - Slapshot by Brad Mills.
4:28 of 2nd period - Deflect By RJ Umberger.
4:28 of 2nd period - Shot Misses the Net.
4:28 of 2nd period - Puck is out of play.
4:29 of 2nd period - Patrice Cormier wins face-off versus Andrew Gordon in Aeros zone.
4:44 of 2nd period - Wrist shot by RJ Umberger.
4:44 of 2nd period - Stopped by Harri Sateri without a rebound.
4:45 of 2nd period - Maxime Macenauer wins face-off versus Andrew Gordon in Aeros zone.
4:52 of 2nd period - Snap shot by Maxime Macenauer.
4:52 of 2nd period - Shot Blocked by Andrew Gordon.
4:54 of 2nd period - Wrist shot by Matt Taormina.
4:54 of 2nd period - Stopped by Harri Sateri without a rebound.
4:55 of 2nd period - Maxime Macenauer wins face-off versus Andrew Gordon in Aeros zone.
5:00 of 2nd period - Slapshot by Matt Taormina.
5:00 of 2nd period - Stopped by Harri Sateri without a rebound.
5:01 of 2nd period - Maxime Macenauer wins face-off versus Andrew Gordon in Aeros zone.
5:18 of 2nd period - Slapshot by Matt Taormina.
5:18 of 2nd period - Shot Blocked by Jason Zucker.
5:20 of 2nd period - Slapshot by Mark Flood.
5:20 of 2nd period - Shot Blocked by Jon Landry.
5:22 of 2nd period - Slapshot by Mark Flood.
5:22 of 2nd period - Stopped by Harri Sateri with a rebound.
5:24 of 2nd period - Slapshot by Mark Flood.
5:24 of 2nd period - Shot Hit the Post.
5:57 of 2nd period - RJ Umberger is hit by Jon Landry and loses puck.
6:10 of 2nd period - Snap shot by RJ Umberger.
6:10 of 2nd period - Stopped by Harri Sateri with a rebound.
6:12 of 2nd period - Slapshot by Brett Clark.
6:12 of 2nd period - Stopped by Harri Sateri with a rebound.
6:14 of 2nd period - Slapshot by Stefan Elliott.
6:14 of 2nd period - Stopped by Harri Sateri with a rebound.
6:16 of 2nd period - Wrist shot by Brad Mills.
6:16 of 2nd period - Stopped by Harri Sateri with a rebound.
6:18 of 2nd period - Slapshot by Stefan Elliott.
6:18 of 2nd period - Stopped by Harri Sateri with a rebound.
6:19 of 2nd period - Penalty to Bretton Stamler is over, Bretton Stamler is back on ice.
7:16 of 2nd period - Shawn O'Donnell is hit by Danny Hobbs.
7:26 of 2nd period - Wrist shot by RJ Umberger.
7:26 of 2nd period - Stopped by Harri Sateri with a rebound.
7:28 of 2nd period - Wrist shot by Chris Bruton.
7:28 of 2nd period - Stopped by Harri Sateri with a rebound.
7:32 of 2nd period - Wrist shot by Shawn O'Donnell.
7:32 of 2nd period - Deflect By RJ Umberger.
7:32 of 2nd period - Stopped by Harri Sateri with a rebound.
7:44 of 2nd period - Ben Youds is hit by Colin Stuart and loses puck.
7:51 of 2nd period - Ilari Melart is hit by RJ Umberger and loses puck.
8:16 of 2nd period - Snap shot by Alex Friesen.
8:16 of 2nd period - Stopped by John Gibson with a rebound.
8:20 of 2nd period - Wrist shot by Craig Cunningham.
8:20 of 2nd period - Stopped by John Gibson with a rebound.
8:32 of 2nd period - Matt Taormina is hit by Bretton Stamler and loses puck.
9:15 of 2nd period - Danny Hobbs is hit by Mark Flood and loses puck.
10:17 of 2nd period - Ben Youds is hit by Cam Janssen and loses puck.
11:19 of 2nd period - Andrew Gordon is hit by David Dziurzynski and loses puck.
11:31 of 2nd period - Snap shot by Andrew Gordon.
11:31 of 2nd period - Deflect By Brett Clark.
11:31 of 2nd period - Shot Blocked by Brett Clark.
11:31 of 2nd period - Puck is out of play.
11:32 of 2nd period - Chris Bruton wins face-off versus Warren Peters in Bears zone.
12:08 of 2nd period - Colin Stuart is hit by Chris Bruton and loses puck.
12:19 of 2nd period - Erick Lizon is hit by Colin Stuart and loses puck.
13:25 of 2nd period - Andrew Gordon is hit by Erick Lizon and loses puck.
13:48 of 2nd period - Slapshot by Craig Cunningham.
13:48 of 2nd period - Stopped by John Gibson with a rebound.
13:50 of 2nd period - Slapshot by Joel Chouinard.
13:50 of 2nd period - Stopped by John Gibson with a rebound.
13:52 of 2nd period - Snap shot by Craig Cunningham.
13:52 of 2nd period - Stopped by John Gibson without a rebound.
13:53 of 2nd period - Chris Bruton wins face-off versus Alex Friesen in Bears zone.
14:16 of 2nd period - Brett Clark is hit by Mike Ullrich and loses puck.
15:58 of 2nd period - Ben Youds is hit by Scott Campbell and loses puck.
16:04 of 2nd period - Off-side.
16:05 of 2nd period - Mike Ullrich wins face-off versus Maxime Macenauer in neutral zone.
16:23 of 2nd period - David Dziurzynski is hit by Scott Campbell and loses puck.
17:24 of 2nd period - Slapshot by Matthew Pistilli.
17:24 of 2nd period - Stopped by John Gibson with a rebound.
17:26 of 2nd period - Slapshot by Colin Stuart.
17:26 of 2nd period - Shot Misses the Net.
17:28 of 2nd period - Snap shot by Colin Stuart.
17:28 of 2nd period - Stopped by John Gibson without a rebound.
17:29 of 2nd period - Maxime Macenauer wins face-off versus Danny Hobbs in Bears zone.
18:00 of 2nd period - David Dziurzynski is hit by Jason Zucker.
18:13 of 2nd period - Minor Penalty to Chris Bruton for Hooking.
18:14 of 2nd period - Warren Peters wins face-off versus RJ Umberger in Bears zone.
19:11 of 2nd period - Patrice Cormier is hit by Joel Chouinard and loses puck.
19:40 of 2nd period - Snap shot by Craig Cunningham.
19:40 of 2nd period - Stopped by John Gibson with a rebound.
19:58 of 2nd period - Snap shot by Warren Peters.
19:58 of 2nd period - Shot Misses the Net.
Goals for this period are 0 for Aeros vs 1 for Bears.
Shots for this period are 8 for Aeros vs 19 for Bears.

3rd period


0:01 of 3rd period - RJ Umberger wins face-off versus Warren Peters in neutral zone.
0:13 of 3rd period - Penalty to Chris Bruton is over, Chris Bruton is back on ice.
0:50 of 3rd period - Jon Landry is hit by Patrice Cormier and loses puck.
0:57 of 3rd period - Chris Bruton is hit by Alex Friesen and loses puck.
1:10 of 3rd period - Snap shot by Craig Cunningham.
1:10 of 3rd period - Stopped by John Gibson with a rebound.
1:37 of 3rd period - Wrist shot by Kevin Henderson.
1:37 of 3rd period - Shot Misses the Net.
3:00 of 3rd period - Alex Friesen is hit by Erick Lizon.
3:07 of 3rd period - Off-side.
3:08 of 3rd period - Patrice Cormier wins face-off versus Alex Friesen in neutral zone.
3:54 of 3rd period - Wrist shot by Jason Zucker.
3:54 of 3rd period - Shot Misses the Net.
4:35 of 3rd period - Icing by Bretton Stamler.
4:36 of 3rd period - Maxime Macenauer wins face-off versus Danny Hobbs in Aeros zone.
5:13 of 3rd period - Minor Penalty to Cam Janssen for Boarding.
5:14 of 3rd period - Maxime Macenauer wins face-off versus Andrew Gordon in Aeros zone.
5:25 of 3rd period - Wrist shot by Maxime Macenauer.
5:25 of 3rd period - Stopped by Harri Sateri with a rebound.
5:27 of 3rd period - Wrist shot by Stefan Elliott.
5:27 of 3rd period - Shot Misses the Net.
6:34 of 3rd period - RJ Umberger is hit by Jon Landry and loses puck.
7:02 of 3rd period - Wrist shot by Maxime Macenauer.
7:02 of 3rd period - Shot Misses the Net.
7:08 of 3rd period - Shane O'Brien is hit by Erick Lizon and loses puck.
7:13 of 3rd period - Penalty to Cam Janssen is over, Cam Janssen is back on ice.
7:19 of 3rd period - Craig Cunningham is hit by Brett Clark and loses puck.
7:36 of 3rd period - Brett Clark is hit by Patrick Wey and loses puck.
7:43 of 3rd period - Snap shot by Alex Friesen.
7:43 of 3rd period - Shot Blocked by Brett Clark.
7:45 of 3rd period - Slapshot by Alex Friesen.
7:45 of 3rd period - Shot Misses the Net.
7:47 of 3rd period - Slapshot by Craig Cunningham.
7:47 of 3rd period - Stopped by John Gibson with a rebound.
7:49 of 3rd period - Slapshot by Patrick Wey.
7:49 of 3rd period - Stopped by John Gibson with a rebound.
8:45 of 3rd period - Minor Penalty to Danny Hobbs for Hooking.
8:46 of 3rd period - Andrew Gordon wins face-off versus Patrice Cormier in Aeros zone.
9:05 of 3rd period - Slapshot by Matt Taormina.
9:05 of 3rd period - Deflect By RJ Umberger.
9:05 of 3rd period - Shot Blocked by Andrew Gordon.
9:05 of 3rd period - Puck is out of play.
9:06 of 3rd period - Patrice Cormier wins face-off versus Andrew Gordon in Aeros zone.
9:45 of 3rd period - Craig Cunningham is hit by Patrice Cormier and loses puck.
10:17 of 3rd period - Snap shot by Kevin Henderson.
10:17 of 3rd period - Stopped by Harri Sateri with a rebound.
10:19 of 3rd period - Snap shot by Stefan Elliott.
10:19 of 3rd period - Stopped by Harri Sateri with a rebound.
10:45 of 3rd period - Penalty to Danny Hobbs is over, Danny Hobbs is back on ice.
11:12 of 3rd period - Snap shot by Tyler Brown.
11:12 of 3rd period - Shot Blocked by Jon Landry.
11:12 of 3rd period - Jon Landry from Aeros is injured at 11:12 of 3rd period (Sprained Left Finger).
11:13 of 3rd period - Patrice Cormier wins face-off versus Warren Peters in Aeros zone.
11:18 of 3rd period - Snap shot by Brad Mills.
11:18 of 3rd period - Shot Blocked by Warren Peters.
11:19 of 3rd period - Patrice Cormier beats up Ilari Melart.
11:19 of 3rd period - Penalty to Patrice Cormier for Fighting.
11:19 of 3rd period - Penalty to Ilari Melart for Fighting.
11:20 of 3rd period - RJ Umberger wins face-off versus Warren Peters in Aeros zone.
12:14 of 3rd period - Kevin Henderson is hit by Mike Matczak and loses puck.
12:25 of 3rd period - Snap shot by Kevin Henderson.
12:25 of 3rd period - Shot Misses the Net.
12:27 of 3rd period - Snap shot by Maxime Macenauer.
12:27 of 3rd period - Stopped by Harri Sateri without a rebound.
12:28 of 3rd period - Tyler Brown wins face-off versus Danny Hobbs in Aeros zone.
12:59 of 3rd period - David Dziurzynski and Matthew Pistilli fight to a draw.
12:59 of 3rd period - Penalty to David Dziurzynski for Fighting.
12:59 of 3rd period - Penalty to Matthew Pistilli for Fighting.
13:00 of 3rd period - RJ Umberger wins face-off versus Warren Peters in Bears zone.
13:00 of 3rd period - RJ Umberger is hit by Mike Matczak.
13:11 of 3rd period - Snap shot by Andrew Gordon.
13:11 of 3rd period - Shot Blocked by Stefan Elliott.
13:13 of 3rd period - Wrist shot by Shane O'Brien.
13:13 of 3rd period - Shot Misses the Net.
13:15 of 3rd period - Wrist shot by Warren Peters.
13:15 of 3rd period - Shot Misses the Net.
13:17 of 3rd period - Wrist shot by Andrew Gordon.
13:17 of 3rd period - Shot Misses the Net.
13:19 of 3rd period - Snap shot by Mike Matczak.
13:19 of 3rd period - Deflect By Jason Zucker.
13:19 of 3rd period - Stopped by John Gibson with a rebound.
13:51 of 3rd period - Shane O'Brien is hit by Stefan Elliott and loses puck.
14:18 of 3rd period - Slapshot by Matt Taormina.
14:18 of 3rd period - Stopped by Harri Sateri with a rebound.
14:34 of 3rd period - Slapshot by Mark Flood.
14:34 of 3rd period - Stopped by Harri Sateri with a rebound.
14:46 of 3rd period - Danny Hobbs is hit by Mark Flood.
14:51 of 3rd period - Wrist shot by Scott Campbell.
14:51 of 3rd period - Shot Misses the Net.
14:53 of 3rd period - Slapshot by Joel Chouinard.
14:53 of 3rd period - Deflect By Matt Taormina.
14:53 of 3rd period - Stopped by John Gibson with a rebound.
14:55 of 3rd period - Snap shot by Joel Chouinard.
14:55 of 3rd period - Deflect By Matt Taormina.
14:55 of 3rd period - Stopped by John Gibson with a rebound.
15:51 of 3rd period - Slapshot by Tyler Brown.
15:51 of 3rd period - Deflect By Eric Neilson.
15:51 of 3rd period - Stopped by Harri Sateri with a rebound.
15:53 of 3rd period - Slapshot by Mark Cundari.
15:53 of 3rd period - Deflect By Farm Player15.
15:53 of 3rd period - Shot Misses the Net.
15:53 of 3rd period - Puck is out of play.
15:54 of 3rd period - Scott Campbell wins face-off versus Maxime Macenauer in Aeros zone.
16:09 of 3rd period - Snap shot by Kevin Henderson.
16:09 of 3rd period - Stopped by Harri Sateri with a rebound.
16:11 of 3rd period - Slapshot by Kevin Henderson.
16:11 of 3rd period - Shot Misses the Net.
16:53 of 3rd period - Slapshot by Mark Cundari.
16:53 of 3rd period - Shot Misses the Net.
17:37 of 3rd period - Snap shot by Maxime Macenauer.
17:37 of 3rd period - Stopped by Harri Sateri with a rebound.
18:21 of 3rd period - Wrist shot by Cam Janssen.
18:21 of 3rd period - Stopped by John Gibson with a rebound.
19:00 of 3rd period - Aeros, Harri Sateri is pulled from the net.
19:46 of 3rd period - Snap shot by Brad Mills.
19:46 of 3rd period - Shot Misses the Net.
Goals for this period are 0 for Aeros vs 0 for Bears.
Shots for this period are 7 for Aeros vs 9 for Bears.


Output by the SimonT Hockey Simulator (STHS) for Eric Dolegowski -- Original Page W3C XHTML 1.0 Valid
Hockey Simulator - Hockey Simulation - Hockey Manager